 Dungeon Crawl Stone Soup version 0.29.0-10-g45618ea6d2 (webtiles) character file.

Game seed: 16847818281524877327

79 Arum the Covered (level 4, -1/37 HPs)
             Began as a Formicid Fighter on Sept 1, 2022.
             Was an Initiate of Elyvilon.
             Slain by a hobgoblin
             ... wielding a +0 war axe
              (8 damage)
             ... on level 2 of the Dungeon.
             The game lasted 00:02:14 (1954 turns).

Arum the Covered (Formicid Fighter)                 Turns: 1954, Time: 00:02:15

Health: -1/37      AC:  8    Str: 22    XL:     4   Next: 64%
Magic:  4/4        EV:  9    Int:  8    God:    Elyvilon [......]
Gold:   105        SH:  5    Dex: 13    Spells: 3/3 levels left

rFire   . . .      SeeInvis +   a - +0 quarterstaff
rCold   . . .      Faith    .   c - +0 buckler
rNeg    . . .      Spirit   .   b - +0 scale mail
rPois   +          Reflect  .   (helmet unavailable)
rElec   .          Harm     .   k - +0 cloak
rCorr   .          Rampage  .   (no gloves)
Will    .....                   (no boots)
Stlth   ..........              (no amulet)
HPRegen 0.12/turn               p - ring of poison resistance
MPRegen 0.09/turn               (no ring)

@: no status effects
A: permanent stasis, dig shafts and tunnels, antennae 3, four strong arms
a: Dig, Shaft Self, Renounce Religion


You were on level 2 of the Dungeon.
You worshipped Elyvilon.
Elyvilon was noncommittal.
You visited 1 branch of the dungeon, and saw 2 of its levels.

You collected 105 gold pieces.

Inventory:

Hand Weapons
 a - a +0 quarterstaff (weapon)
Armour
 b - a +0 scale mail (worn)
 c - a +0 buckler (worn)
 k - a +0 cloak (worn)
Jewellery
 p - a ring of poison resistance (left hand)
Scrolls
 e - a scroll of noise {unknown}
 j - a scroll of fear {unknown}
 l - a scroll of immolation {unknown}
 m - a scroll of teleportation {unknown}
 o - a scroll of fog {unknown}
 q - a scroll of identify {unknown}
 r - a scroll of magic mapping {unknown}
Potions
 d - 2 potions of might
 f - a potion of degeneration {unknown}
 g - a potion of heal wounds {unknown}
 h - a potion of curing
 i - a potion of brilliance {unknown}
 n - a potion of mutation {unknown}


   Skills:
 + Level 4.1 Fighting
 + Level 3.0 Staves
 + Level 4.2 Armour
 - Level 4.0 Shields


You had 3 spell levels left.
You didn't know any spells.
Your spell library was empty.

Dungeon Overview and Level Annotations

Branches:
Dungeon (2/15)

Altars:
Elyvilon


Innate Abilities, Weirdness & Mutations

You cannot be hasted, slowed, berserked, paralysed or teleported.
You can dig through walls and to a lower floor.
You have a pair of large antennae on your head. (SInv)
Your four strong arms can wield two-handed weapons with a shield.


Message History

You barely miss the ball python.
The ball python is moderately wounded.
The ball python barely misses you. x2
The hobgoblin hits you with a +0 war axe.
The ball python bites you but does no damage.
The ball python closely misses you.
You closely miss the ball python.
The ball python is moderately wounded.
The ball python closely misses you. The ball python grabs you.
The ball python constricts you.
The hobgoblin hits you with a +0 war axe!
* * * LOW HITPOINT WARNING * * *
You are too injured to fight recklessly!
You are too injured to fight recklessly!
You escape the ball python's grasp.
The hobgoblin attacks as you move away! The hobgoblin closely misses you.
The hobgoblin attacks as you move away!
The hobgoblin hits you with a +0 war axe.
* * * LOW HITPOINT WARNING * * *
The hobgoblin attacks as you move away!
The hobgoblin hits you with a +0 war axe.
* * * LOW HITPOINT WARNING * * *
The ball python attacks as you move away!
The ball python completely misses you. The ball python closely misses you.
The ball python grabs you. The ball python constricts you.
* * * LOW HITPOINT WARNING * * *
You escape the ball python's grasp.
You aren't carrying any items that you can evoke.
It was a potion of curing.
You feel better.
The ball python bites you but does no damage.
The ball python grabs you. The ball python constricts you.
Okay, then.
Unknown command.
You barely miss the ball python.
The ball python bites you but does no damage.
The ball python constricts you.
You sock the ball python!
You kill the ball python!
The hobgoblin hits you with a +0 war axe!
You die...

.####...................## #..
.......#.#####.###...# ####..
.........)####...#...###.....
........##.....##..##.....##..
......#..#.###.###.#####......
.......##...###..##..##...#.#..
...........##..##.#..###.##.
...#...###..#.......>..## #.###
... .#.......g@......### #.#
....##..###.#†#####...# ##.###
.........##.....###...####.....
.....##.....#....##..........##
.................##..#..[#.####
.....#..._..#............#.....
.....:..8.8....................
.....................##........
........#####.........##.......


You could see a hobgoblin.

Vanquished Creatures
  4 gnolls (D:2)
  An adder (D:2)
  2 dart slugs (D:1)
  2 endoplasms
  A giant cockroach (D:1)
  3 goblins (D:1)
  4 hobgoblins (D:1)
  A quokka (D:1)
  3 ball pythons
  4 bats
  3 frilled lizards
  3 kobolds (D:1)
  2 rats
33 creatures vanquished.

Notes
Turn   | Place    | Note
-------+----------+-------------------------------------------
     0 | D:1      | Arum the Formicid Fighter began the quest for the Orb.
     0 | D:1      | Reached XP level 1. HP: 18/18 MP: 1/1
   305 | D:1      | Reached XP level 2. HP: 24/24 MP: 2/2
   635 | D:1      | Reached XP level 3. HP: 30/30 MP: 3/3
  1245 | D:2      | Found a white marble altar of Elyvilon.
  1251 | D:2      | Became a worshipper of Elyvilon the Healer
  1373 | D:2      | Reached XP level 4. HP: 10/36 MP: 4/4
  1375 | D:2      | HP: 1/37 [gnoll/+0 halberd (6)]
  1923 | D:2      | Found a faded altar of an unknown god.
  1954 | D:2      | Slain by a hobgoblin

Illustrated notes

Levels and vault maps discovered:
D:1:      lightli_arrival_chessboard, layout_basic
D:2:      layout_rooms, dreamdust_ecumenical_altar_statues, basic_altar,
          minmay_stone_trees_medium

Skill      XL: |  1  2  3  4 |
---------------+-------------+-----
Fighting       | 4 |  4.1
Armour         | 4 |  4.2
Staves         | 3 |  3.0
Shields        | |  4.0

Action                   |  1- 3 |  4- 6 || total
-------------------------+-------+-------++-------
Melee: Quarterstaff      |    80 |    26 ||   106
 Abil: Dig               |     1 |       ||     1
  Use: Potion            |     1 |     1 ||     2
Armor: Scale mail        |    37 |    12 ||    49
Dodge: Dodged            |    34 |    27 ||    61
Block: Buckler           |    16 |     6 ||    22
